 Dungeon Crawl Stone Soup version 0.19.5 (webtiles) character file.

130 Gitz the Skirmisher (level 4, -1/55 HPs)
             Began as a Demonspawn Berserker on May 23, 2017.
             Was a Believer of Trog.
             Slain by an orc
             ... wielding a +0 dagger
              (3 damage)
             ... on level 3 of the Dungeon.
             The game lasted 00:04:28 (2091 turns).

Gitz the Skirmisher (Demonspawn Berserker)          Turns: 2091, Time: 00:04:28

Health: -1/55      AC:  1    Str: 23    XL:     4   Next: 90%
Magic:  4/4        EV: 11    Int:  9    God:    Trog [**....]
Gold:   78         SH:  0    Dex: 12    Spells: 0 memorised, 3 levels left

rFire  x . .     SeeInvis .     o - +0 flail
rCold  + . .     Gourm    .     p - +0 ring mail
rNeg   . . .     Faith    .     (no shield)
rPois  .         Spirit   .     (helmet restricted)
rElec  .         Reflect  .     (no cloak)
rCorr  .         Harm     .     (no gloves)
MR     .....                    (no boots)
Stlth  ..........               (no amulet)
                                m - ring of ice
                                d - ring of loudness (curse)

@: berserking (expiring), corroded, slowed
A: antennae 1, spiny 1
a: Berserk, Trog's Hand, Burn Spellbooks, Renounce Religion


You were on level 3 of the Dungeon.
You worshipped Trog.
Trog was pleased with you.
You were very hungry.

You visited 1 branch of the dungeon, and saw 3 of its levels.

You collected 78 gold pieces.

Inventory:

Hand Weapons
 o - a +0 flail (weapon)
Armour
 p - a +0 ring mail (worn)
Jewellery
 d - a cursed ring of loudness (left hand)
 m - a ring of ice (right hand)
Scrolls
 b - a scroll of fear {unknown}
 f - a scroll of teleportation {unknown}
 j - a scroll of immolation
Potions
 a - a potion of curing {unknown}
 e - a potion of invisibility
 h - a potion of agility
 k - a potion of heal wounds
Comestibles
 c - 3 bread rations
 g - 4 fruits
 l - a beef jerky


   Skills:
 * Level 4.3 Fighting
   Level 3.9 Axes
 + Level 1.9 Armour
 + Level 2.2 Dodging


You had 3 spell levels left.
You didn't know any spells.

Dungeon Overview and Level Annotations

Branches:
Dungeon (3/15)

Altars:


Innate Abilities, Weirdness & Mutations

You have a pair of small antennae on your head.
You are partially covered in sharp spines.


Message History

You are feeling hungry.
The orc wizard casts a spell.
The orc wizard blinks!
The orc hits you but does no damage.
The orc zaps a wand.
The bolt of acid hits you! The acid corrodes you!
You are splashed with acid!
The acid burns!
* * * LOW HITPOINT WARNING * * *
The orc hits you from afar with a trident.
* * * LOW HITPOINT WARNING * * *
The bat barely misses you.
You are feeling very hungry.
You closely miss the bat. The bat is struck by your spines.
You kill the bat!
Trog accepts your kill. The orc is struck by your spines.
The orc hits you with a dagger.
* * * LOW HITPOINT WARNING * * *
The orc closely misses you.
You barely miss the orc.
The orc is lightly wounded.
The orc is struck by your spines. The orc hits you with a dagger.
You die...

♣≈P.♣.....).........
#...###..##.####.##.
#...###..##.####.##. #
..................(
#..###.####.##.####.##.
#...........##.# #.##.
#.####.####.##.# #.###
#....# #.##.# #.###
......#@.# #.##.# #....
..#...#†o# #.##.# #.###
#_#. #.o# #.##.# #.# ..
.. #o.# #.##.# #.# . ..
...# .##†# #.# ... ....
#.####.# .#.# #......#
.# .# #########.#
..........#


You could see an orc wizard and 2 orcs.

Vanquished Creatures
  An orc wizard (D:3)
  Ijyb (D:3)
  An adder (D:3)
  An ooze (D:1)
  2 dart slugs
  3 leopard geckos
  3 orcs (D:3)
  3 giant cockroaches
  6 goblins
  4 hobgoblins
  6 jackals
  3 kobolds
  2 quokkas
  6 bats
  3 frilled lizards
  7 rats
52 creatures vanquished.

Notes
Turn   | Place    | Note
-------+----------+-------------------------------------------
     0 | D:1      | Gitz the Demonspawn Berserker began the quest for the Orb.
     0 | D:1      | Reached XP level 1. HP: 18/18 MP: 1/1
    98 | D:1      | Gained mutation: You have a pair of small antennae on your head. [demonic ancestry]
    98 | D:1      | Reached XP level 2. HP: 12/24 MP: 2/2
  1054 | D:2      | Gained mutation: You are partially covered in sharp spines. [demonic ancestry]
  1054 | D:2      | Reached XP level 3. HP: 20/29 MP: 3/3
  1673 | D:2      | Reached ** piety under Trog
  1831 | D:3      | Reached XP level 4. HP: 7/37 MP: 4/4
  1908 | D:3      | Reached skill level 4 in Fighting
  1934 | D:3      | Noticed Ijyb
  1949 | D:3      | Killed Ijyb
  2081 | D:3      | Found a faded altar of an unknown god.
  2090 | D:3      | HP: 2/55 [orc/dagger (2)]
  2091 | D:3      | Slain by an orc

Skill      XL: |  1  2  3  4 |
---------------+-------------+-----
Axes           | 3 |  3.9
Fighting       | 4 |  4.3
Dodging        | 2 |  2.2
Armour         | |  1.9

Action                   |  1- 3 |  4- 6 || total
-------------------------+-------+-------++-------
Melee: Hand axe          |    93 |     5 ||    98
       Flail             |       |    27 ||    27
Invok: Berserk           |     1 |     1 ||     2
  Use: Scroll            |       |     5 ||     5
 Stab: Sleeping          |     3 |       ||     3
  Eat: Chunk             |     3 |     2 ||     5
Armor: Animal skin       |    10 |       ||    10
       Ring mail         |       |    10 ||    10
Dodge: Dodged            |    61 |    21 ||    82
